 Dungeon Crawl Stone Soup version 0.24.0-123-gd5b16e6ec5 (webtiles) character file.

Game seed: 16249581190138276994, levelgen mode: deterministic

193050 mortelune the Fencer (level 17, -4/163 HPs)
             Began as a Minotaur Berserker on Dec 21, 2019.
             Was an Elder of Trog.
             Killed from afar by Jorgrun (30 damage)
             ... with an iron shot
             ... on level 1 of the Snake Pit.
             The game lasted 01:41:48 (40625 turns).

mortelune the Fencer (Minotaur Berserker)          Turns: 40625, Time: 01:41:48

Health: -4/163     AC: 28    Str: 35    XL:     17   Next: 63%
Magic:  7/7        EV: 15    Int:  9    God:    Trog [****..]
Gold:   1569       SH:  3    Dex: 15    Spells: 16/16 levels left

rFire    + . .     SeeInvis .   a - +7 triple sword (antimagic)
rCold    . . .     Gourm    .   (shield currently unavailable)
rNeg     . . .     Faith    .   e - +2 plate armour {rPois}
rPois    +         Spirit   .   (helmet restricted)
rElec    .         Reflect  +   z - +1 cloak {+Inv}
rCorr    .         Harm     .   J - +2 pair of gloves {Dex+3}
MR       +....                  O - +0 pair of boots
Stlth    ..........             d - +3 amulet of reflection
HPRegen  0.37/turn              g - ring of fire
MPRegen  0.10/turn              T - ring "Cudomive" {rC+ Str+3 Int+5}

@: mighty, lethally poisoned (-4 -> -6), silence
A: retaliatory headbutt, horns 2
}: 1/15 runes: decaying
a: Renounce Religion, Evoke Invisibility


You were on level 1 of the Snake Pit.
You worshipped Trog.
Trog was greatly pleased with you.
You were not hungry.

You visited 6 branches of the dungeon, and saw 30 of its levels.
You also visited: Ossuary, Bailey, Ice Cave and Volcano.

You collected 3706 gold pieces.
You spent 2137 gold pieces at shops.

Inventory:

Hand Weapons
 a - a +7 antimagic triple sword (weapon)
 b - the +10 hunting sling "Duklag" {flame, Str+2 Int+4}
   (You found it on level 5 of the Dungeon)

   It causes projectiles fired from it to burn those they strike, causing extra
   injury to most foes and up to half again as much damage against particularly
   susceptible opponents.
   It affects your strength (+2).
   It affects your intelligence (+4).
 f - the +8 long sword "Beetleslayer" {vamp, Str+4 Int+2}
   (You bought it in a shop on level 4 of the Dungeon)

   It inflicts no extra harm, but heals its wielder when it wounds a living foe.
   It affects your strength (+4).
   It affects your intelligence (+2).
 Q - a +4 scimitar of flaming
 V - the +7 mace of Variability {chain chaos}
   (You found it on level 11 of the Dungeon)

   Each time it hits an enemy it has a different, random effect.
Missiles
 B - 678 stones (quivered)
 K - 482 sling bullets
 S - 19 javelins
Armour
 e - a +2 plate armour of poison resistance (worn)
 z - a +1 cloak of invisibility (worn)
 G - a +4 plate armour of cold resistance
 J - a +2 pair of gloves of dexterity (worn)
 O - a +0 pair of boots (worn)
 X - +0 pearl dragon scales
Jewellery
 d - a +3 amulet of reflection (around neck)
 g - a ring of fire (left hand)
 C - an uncursed ring of positive energy
 E - an uncursed ring of flight
 H - an uncursed ring of see invisible
 R - the ring "Weozaph" {Ice rElec}
   (You found it on level 12 of the Dungeon)

   [ring of ice]

   It enhances your ice magic.
   It makes you vulnerable to fire.
   It protects you from cold.
   It insulates you from electricity.
 T - the ring "Cudomive" (right hand) {rC+ Str+3 Int+5}
   (You bought it in a shop on level 11 of the Dungeon)

   [ring of protection from cold]

   It affects your strength (+3).
   It affects your intelligence (+5).
   It protects you from cold.
 U - a +3 ring of dexterity
 Y - an uncursed ring of protection from magic
Wands
 k - a wand of digging (4)
 m - a wand of iceblast (6)
 o - a wand of disintegration (29)
 q - a wand of acid (39)
 D - a wand of clouds (7)
 I - a wand of enslavement (19)
 M - a wand of scattershot (4)
Scrolls
 i - 10 scrolls of enchant armour
 l - 7 scrolls of fog
 r - 18 scrolls of remove curse
 w - 9 scrolls of teleportation
 x - 2 scrolls of blinking
 L - 3 scrolls of identify
 N - 6 scrolls of fear
 Z - 3 scrolls of immolation
Potions
 h - 2 potions of mutation
 j - a potion of heal wounds
 n - 6 potions of might
 p - 7 potions of haste
 s - 11 potions of curing
 t - 6 potions of flight
 u - a potion of magic
 v - 4 potions of cancellation
 A - 2 potions of agility
 P - 2 potions of invisibility
 W - 2 potions of brilliance
Miscellaneous
 F - 3 phantom mirrors
Comestibles
 c - 50 rations


   Skills:
 + Level 18.1 Fighting
 * Level 20.1 Long Blades
 - Level 12.0 Slings
 + Level 18.0 Armour
 + Level 9.3 Dodging
 + Level 7.3 Evocations


You had 16 spell levels left.
You didn't know any spells.
Your spell library contained the following spells:

 Spells                   Type           Power        Failure   Level  Hunger
 Animate Skeleton         Necr           N/A          83%         1    ##.....
 Apportation              Tloc           #.....       83%         1    ##.....
 Beastly Appendage        Tmut           #.....       83%         1    ##.....
 Confusing Touch          Hex            #.....       83%         1    ##.....
 Corona                   Hex            #......      83%         1    ##.....
 Freeze                   Ice            #...         83%         1    ##.....
 Magic Dart               Conj           #...         83%         1    ##.....
 Summon Butterflies       Summ           #.......     83%         1    ##.....
 Summon Small Mammal      Summ           #...         83%         1    ##.....
 Blink                    Tloc           N/A          92%         2    ###....
 Call Imp                 Summ           #.......     92%         2    ###....
 Ensorcelled Hibernation  Hex/Ice        #.....       92%         2    ###....
 Searing Ray              Conj           #.....       92%         2    ###....
 Slow                     Hex            #.......     92%         2    ###....
 Sticks to Snakes         Tmut           #.......     92%         2    ###....
 Throw Frost              Conj/Ice       #.....       92%         2    ###....
 Confuse                  Hex            #.......     99%         3    ####...
 Conjure Flame            Conj/Fire      #.......     99%         3    ####...
 Dazzling Spray           Conj/Hex       #.....       99%         3    ####...
 Gell's Gravitas          Tloc           #.........   99%         3    ####...
 Inner Flame              Hex/Fire       #.......     99%         3    ####...
 Lesser Beckoning         Tloc           #.........   99%         3    ####...
 Mephitic Cloud           Conj/Pois/Air  #.......     99%         3    ####...
 Ozocubu's Armour         Chrm/Ice       #.......     99%         3    ####...
 Portal Projectile        Hex/Tloc       #.....       99%         3    ####...
 Spider Form              Tmut/Pois      #.........   99%         3    ####...
 Tukima's Dance           Hex            #.......     99%         3    ####...
 Cause Fear               Hex            #.........   100%        4    #####..
 Force Lance              Conj/Tloc      #.......     100%        4    #####..
 Fulminant Prism          Conj/Hex       #.........   100%        4    #####..
 Ice Form                 Ice/Tmut       #.......     100%        4    #####..
 Iskenderun's Mystic Bla  Conj           #.......     100%        4    #####..
 Leda's Liquefaction      Hex/Erth       #.........   100%        4    #####..
 Petrify                  Tmut/Erth      #.......     100%        4    #####..
 Summon Ice Beast         Ice/Summ       #.......     100%        4    #####..
 Throw Icicle             Conj/Ice       #.......     100%        4    #####..
 Alistair's Intoxication  Tmut/Pois      #.......     100%        5    ######.
 Blade Hands              Tmut           #.........   100%        5    ######.
 Metabolic Englaciation   Hex/Ice        #.........   100%        5    ######.
 Yara's Violent Unravell  Hex/Tmut       #.........   100%        5    ######.
 Invisibility             Hex            #.......     100%        6    #######


Dungeon Overview and Level Annotations

Branches:
Dungeon (15/15)            Temple (0/1) D:7            Lair (6/6) D:11
  Swamp (4/4) Lair:3        Snake (2/4) Lair:3        Slime (0/5) Lair:6
    Orc (2/2) D:12            Elf (1/3) Orc:2        Vaults (0/5) D:14
 Depths (0/5) D:15        Ossuary (visited)          Bailey (visited)
  IceCv (visited)         Volcano (visited)

Altars:
Ashenzari
Dithmenos
Elyvilon
Fedhas
Gozag
Kikubaaqudgha
Makhleb
Nemelex Xobeh
Okawaru
Uskayaw
Wu Jian
Xom
Zin
The Shining One
Beogh
Jiyva

Shops:
D:4 (   D:11 *   Orc:1 (   Orc:2 *}[(?

Annotations:
Lair:5 1 runed translucent door, Nilihum's ghost, journeyman DgFE
Swamp:1 Roxanne
Snake:1 Aizul; Jorgrun


Innate Abilities, Weirdness & Mutations

You reflexively headbutt those who attack you in melee.
You have a pair of horns on your head.


Message History

You feel much better.
You feel sick.
The anaconda bites you but does no damage.
The anaconda constricts you. Aizul barely misses you. You furiously retaliate!
You headbutt Aizul!! Jorgrun barely misses you. You furiously retaliate!
You headbutt Jorgrun!
You riposte.
You closely miss Jorgrun. Your headbutt misses Jorgrun.
Jorgrun is moderately wounded.
You slash the anaconda!
The anaconda is moderately wounded.
You feel sick. The anaconda bites you.
* * * LOW HITPOINT WARNING * * *
x2 The anaconda constricts you.
Aizul hits you but does no damage. The anaconda bites you.
* * * LOW HITPOINT WARNING * * *
x2 The anaconda constricts you.
Jorgrun closely misses you. You furiously retaliate!
You headbutt Jorgrun! Aizul closely misses you.
You escape the anaconda's grasp.
Jorgrun points at you and mumbles some strange words.
The iron shot hits you!!
You die...

.#.#...# #.# ##[###.#
#.### ##.# #.#
#...### ##.# #.###
###....#
##.###...###....#.###
.=.....###...#......#
##.#####...###....g.#
...# #..### #..S>..#
##.# #.## #..@S..#
##.####.# #......#
........# ########
##.....######
###.##......#
#.........#
#..######## #.## #.#


You could see Aizul, Jorgrun and an anaconda.

Vanquished Creatures
  Kirke (Swamp:1)
  3 thorn hunters
  Agnes (D:15)
  Donald (Snake:1)
  2 nagarajas
  The ghost of Cofimnas the Cleaver, a journeyman FoFi of Okawaru (D:13)
  An ironheart preserver (D:14)
  2 very ugly things (IceCv)
  2 stone giants
  3 deep elf death magi (Elf:1)
  A yaktaur captain (D:15)
  3 shambling mangroves
  18 hydras
  A naga warrior (Snake:2)
  A centaur warrior (D:15)
  3 anacondas
  6 two-headed ogres
  2 tengu warriors (D:15)
  9 alligators
  An ogre mage (D:15)
  2 naga sharpshooters
  2 shock serpents
  2 spriggan berserkers (Swamp:4)
  An unseen horror (D:12)
  2 spriggan druids
  A salamander mystic (Snake:1)
  2 naga ritualists (Snake:1)
  A flayed ghost (D:12)
  8 deep elf archers (Elf:1)
  A wizard (D:15)
  5 mana vipers
  10 swamp dragons
  A sea snake (shapeshifter) (D:15)
  5 orc sorcerers
  7 orc knights
  A wolf spider zombie (D:15)
  A wolf spider (Lair:5)
  16 ugly things
  6 deep elf magi (Elf:1)
  2 salamanders (Snake:1)
  2 cyclopes
  A guardian serpent (Lair:6)
  7 elephants
  20 black mambas
  5 ice statues (IceCv)
  7 naga magi (Snake:1)
  2 gargoyles
  A torpor snail (Lair:3)
  23 spiny frogs
  6 centaur skeletons
  4 kobold demonologists
  2 yaktaurs (D:15)
  2 demonic crawlers (Lair:6)
  2 rime drakes
  9 komodo dragons
  A redback zombie (D:15)
  An anaconda simulacrum (IceCv)
  2 golden dragon simulacra (IceCv)
  2 efreet
  A tengu conjurer (D:15)
  A queen bee (D:9)
  3 trolls
  A polar bear (Lair:4)
  16 hornets
  12 tyrant leeches
  19 blink frogs
  11 bog bodies
  12 slime creatures
  10 hippogriffs
  A meliai zombie (D:15)
  2 air elementals (Elf:1)
  A hippogriff (shapeshifter) (D:13)
  A centaur simulacrum (D:14)
  5 spriggans
  A spriggan (shapeshifter) (D:15)
  A redback (Lair:6)
  A dire elephant simulacrum (IceCv)
  12 wyverns
  4 shadows
  3 fire elementals
  A hog (shapeshifter) (D:14)
  54 yaks
  4 hogs (Swamp:1)
  A wraith (D:11)
  3 chaos spawn (D:11)
  3 basilisks
  22 vampire mosquitoes
  3 hungry ghosts
  13 insubstantial wisps
  2 harpy simulacra (IceCv)
  18 swamp worms
  18 nagas
  18 water moccasins
  7 wargs
  2 acid dragons
  2 soldier ants
  3 hydra simulacra (IceCv)
  43 orc warriors
  13 porcupines
  A sky beast (D:7)
  13 swamp drakes
  A necrophage (D:10)
  An eye of draining (D:15)
  3 black bears
  11 ice beasts
  12 centaurs
  4 phantoms
  15 ogres
  6 crocodiles
  17 bullfrogs
  2 big kobolds
  A wyvern zombie (D:15)
  3 earth elementals
  3 water moccasin zombies
  A hornet simulacrum (D:11)
  3 scorpions
  25 killer bees
  A killer bee (shapeshifter) (Elf:1)
  3 wights (D:10)
  3 vampire bats (Lair:6)
  An electric eel (Lair:1)
  10 howler monkeys
  A quasit (D:10)
  5 crimson imps
  6 hounds
  9 centaur zombies
  3 bullfrog zombies (Ossuary)
  2 jellies
  23 orc priests
  3 bullfrog skeletons
  20 orc wizards
  6 iguanas
  22 worker ants
  A killer bee zombie (Ossuary)
  A hound zombie (Ossuary)
  10 mummies (Ossuary)
  9 worker ant zombies
  A howler monkey zombie (Ossuary)
  4 gnolls (D:4)
  3 adders
  3 shadow imps
  3 adder skeletons
  2 adder zombies (Ossuary)
  2 worms
  A dart slug (D:5)
  7 leopard geckos
  118 orcs
  2 ball pythons
  5 giant cockroaches
  13 goblins
  3 hobgoblins
  14 jackals
  18 kobolds
  7 quokkas
  10 bats
  3 frilled lizards
  A giant cockroach zombie (Ossuary)
  A jackal zombie (Ossuary)
  A leopard gecko skeleton (D:8)
  A leopard gecko zombie (Ossuary)
  A quokka zombie (Ossuary)
  8 rats
  2 fungi (Lair:3)
1080 creatures vanquished.

Vanquished Creatures (collateral kills)
  Rupert (Lair:4)
  2 orc warlords
  Azrael (Orc:2)
  4 hydras
  A queen ant (Lair:3)
  An orc high priest (Orc:2)
  2 dancing weapons (Elf:1)
  2 swamp dragons (Swamp:4)
  An orc knight (Orc:2)
  3 oklob plants (Lair:6)
  5 elephants (Lair:5)
  A tyrant leech (Swamp:3)
  A hornet (Lair:6)
  A polar bear (Lair:4)
  4 blink frogs
  An air elemental (Elf:1)
  3 fire elementals (Orc:2)
  2 yaks (Lair:6)
  A basilisk (Lair:6)
  2 swamp worms (Swamp:3)
  7 soldier ants (Lair:3)
  3 hell hounds (Orc:2)
  A swamp drake (Swamp:4)
  An orc warrior (Orc:2)
  2 ogres (Orc:2)
  A howler monkey (D:9)
  2 orc priests (Orc:2)
  3 orc wizards (Orc:2)
  14 worker ants (Lair:3)
  11 orcs
  A butterfly (Lair:4)
85 creatures vanquished.

Vanquished Creatures (others)
  A centaur (D:8)
  A briar patch (Swamp:1)
  A bush (Lair:6)
  19 fungi
  30 plants (Lair:6)
  2 withered plants (Ossuary)
54 creatures vanquished.

Grand Total: 1219 creatures vanquished

Notes
Turn   | Place    | Note
-------+----------+-------------------------------------------
     0 | D:1      | mortelune the Minotaur Berserker began the quest for the
                  | Orb.
     0 | D:1      | Reached XP level 1. HP: 19/19 MP: 0/0
   242 | D:1      | Reached skill level 4 in Long Blades
   242 | D:1      | Reached XP level 2. HP: 27/27 MP: 1/1
   737 | D:1      | Reached XP level 3. HP: 33/33 MP: 2/2
   760 | D:1      | Reached ** piety under Trog
   987 | D:2      | Noticed a +0 hand axe
   988 | D:2      | Found a hide-covered altar of Uskayaw.
   989 | D:2      | Noticed a +0 dagger
  1190 | D:2      | Reached XP level 4. HP: 37/40 MP: 3/3
  1303 | D:2      | Reached skill level 5 in Long Blades
  1356 | D:2      | Found a glowing golden altar of the Shining One.
  1781 | D:3      | Reached *** piety under Trog
  1866 | D:3      | Found an opulent altar of Gozag.
  2072 | D:3      | Found an ornate altar of the Wu Jian Council.
  2268 | D:4      | Reached XP level 5. HP: 18/47 MP: 4/4
  2286 | D:4      | Found Jiyfian's Antique Weapon Emporium.
  2290 | D:4      | Noticed a phantom
  2305 | D:4      | Reached skill level 6 in Long Blades
  2308 | D:4      | Killed a phantom
  2308 | D:4      | Reached skill level 5 in Fighting
  2308 | D:4      | Reached XP level 6. HP: 41/56 MP: 5/5
  2503 | D:4      | Found a sand-covered staircase.
  2511 | Ossuary  | Entered an ossuary
  2623 | Ossuary  | Reached skill level 7 in Long Blades
  2805 | Ossuary  | Reached skill level 5 in Armour
  2805 | Ossuary  | Reached XP level 7. HP: 36/62 MP: 6/6
  3196 | Ossuary  | Reached skill level 8 in Long Blades
  3490 | D:4      | Found an iron altar of Okawaru.
  3559 | D:4      | Found a glowing silver altar of Zin.
  3642 | D:4      | Found a shattered altar of Ashenzari.
  3647 | D:4      | Found a shadowy altar of Dithmenos.
  3806 | D:5      | Entered Level 5 of the Dungeon
  3841 | D:5      | Reached XP level 8. HP: 54/71 MP: 7/7
  3925 | D:5      | Got a polished hunting sling
  3970 | D:5      | Identified the +10 hunting sling "Duklag" {flame, Str+2
                  | Int+4} (You found it on level 5 of the Dungeon)
  4105 | D:5      | Found a burning altar of Makhleb.
  4107 | D:5      | Found a shimmering altar of Xom.
  4134 | D:5      | Found a blossoming altar of Fedhas.
  4172 | D:5      | Reached skill level 9 in Long Blades
  4258 | D:5      | Reached skill level 1 in Slings
  4462 | D:5      | Reached **** piety under Trog
  4752 | D:5      | Found a white marble altar of Elyvilon.
  5348 | D:6      | Got a fine whip
  5349 | D:6      | Identified the +3 whip of Pakohasch {flame, Str-4 Int+4
                  | SInv} (You found it on level 6 of the Dungeon)
  5465 | D:6      | Reached skill level 10 in Long Blades
  5510 | D:6      | Received a gift from Trog
  5629 | D:6      | Reached XP level 9. HP: 80/80 MP: 8/8
  5972 | D:7      | Reached skill level 11 in Long Blades
  6299 | D:7      | Found a staircase to the Ecumenical Temple.
  7132 | D:8      | Found an ornate altar of the Wu Jian Council.
  7216 | D:8      | Received a gift from Trog
  7314 | D:8      | Reached skill level 5 in Slings
  7315 | D:8      | Noticed a two-headed ogre
  7322 | D:8      | Killed a two-headed ogre
  7322 | D:8      | Reached skill level 12 in Long Blades
  7322 | D:8      | Reached XP level 10. HP: 91/91 MP: 9/9
  7348 | D:8      | Found a sparkling altar of Nemelex Xobeh.
  8509 | D:9      | Reached skill level 13 in Long Blades
  8522 | D:9      | Reached skill level 10 in Fighting
  8943 | D:10     | Entered Level 10 of the Dungeon
  9328 | D:10     | Reached XP level 11. HP: 99/99 MP: 10/10
  9633 | D:10     | Reached ***** piety under Trog
 10190 | D:11     | Reached skill level 10 in Armour
 10439 | D:11     | Found a staircase to the Lair.
 10691 | D:11     | Found Zudgh's Assorted Antiques.
 10694 | D:11     | Noticed a two-headed ogre
 10705 | D:11     | Killed a two-headed ogre
 10705 | D:11     | Reached skill level 14 in Long Blades
 10724 | D:11     | Bought a scroll labeled XUYMUDW JEGEDO for 32 gold pieces
 10724 | D:11     | Bought a bound lapis lazuli ring for 160 gold pieces
 10724 | D:11     | Bought a scroll of identify for 64 gold pieces
 10724 | D:11     | Bought a potion of heal wounds for 160 gold pieces
 10725 | D:11     | Identified the ring "Cudomive" {rC+ Str+3 Int+5} (You
                  | bought it in a shop on level 11 of the Dungeon)
 10933 | D:11     | Found a shimmering altar of Xom.
 10934 | D:11     | Found the +7 mace of Variability {chain chaos}
 11414 | D:4      | Bought an iridescent long sword for 280 gold pieces
 11414 | D:4      | Bought a glowing great sword for 313 gold pieces
 11414 | D:4      | Identified the +8 long sword "Beetleslayer" {vamp, Str+4
                  | Int+2} (You bought it in a shop on level 4 of the Dungeon)
 11588 | Lair:1   | Entered Level 1 of the Lair of Beasts
 11737 | Lair:1   | Received a gift from Trog
 12738 | Lair:2   | Reached XP level 12. HP: 103/111 MP: 11/11
 13669 | Lair:3   | Noticed a four-headed hydra
 13673 | Lair:3   | Killed a four-headed hydra
 13791 | Lair:3   | Found a staircase to the Snake Pit.
 13885 | Lair:3   | You fall into a shaft and drop 3 floors!
 13885 | Lair:6   | Entered Level 6 of the Lair of Beasts
 13901 | Lair:6   | Found a viscous altar of Jiyva.
 13901 | Lair:6   | Found a staircase to the Slime Pits.
 13935 | Lair:5   | Reached skill level 10 in Slings
 13944 | Lair:5   | Found a dark tunnel.
 13981 | Volcano  | Entered a volcano
 14026 | Volcano  | Noticed a stone giant
 14036 | Volcano  | Killed a stone giant
 14271 | Volcano  | Received a gift from Trog
 14298 | Volcano  | Got a pitted battleaxe
 14299 | Volcano  | Identified the +7 battleaxe of the Omega Point {drain,
                  | Str+2} (You found it in a volcano)
 15085 | Lair:3   | Found a staircase to the Swamp.
 15306 | Lair:3   | Reached XP level 13. HP: 122/122 MP: 12/12
 16031 | Lair:3   | Received a gift from Trog
 16258 | Lair:4   | Noticed Rupert
 16266 | Lair:4   | Killed Rupert
 16848 | Lair:5   | Found a runed translucent door.
 16848 | Lair:5   | Found a shimmering altar of Xom.
 16848 | Lair:5   | Noticed Nilihum's ghost (journeyman DgFE)
 17136 | Lair:5   | Identified the cursed +0 rapier of the Secret Dreams
                  | {chaos, *Contam +Rage Dex+2}
 17663 | Lair:6   | Received a gift from Trog
 18142 | Lair:6   | Received a gift from Trog
 18187 | Lair:6   | Reached skill level 15 in Fighting
 18231 | Lair:6   | Received a gift from Trog
 18361 | Lair:6   | Reached XP level 14. HP: 91/135 MP: 13/13
 18366 | Lair:6   | Reached skill level 15 in Armour
 18763 | Lair:6   | Received a gift from Trog
 19448 | Lair:6   | Received a gift from Trog
 20083 | D:12     | Found a flagged portal.
 20096 | Bailey   | Entered a bailey
 20107 | Bailey   | Reached skill level 15 in Long Blades
 20439 | Bailey   | Received a gift from Trog
 21081 | D:12     | Found a staircase to the Orcish Mines.
 21433 | D:12     | Got a bound marble ring
 21523 | D:12     | Identified the ring "Weozaph" {Ice rElec} (You found it on
                  | level 12 of the Dungeon)
 21924 | D:13     | Found a shadowy altar of Dithmenos.
 22366 | Orc:1    | Entered Level 1 of the Orcish Mines
 22664 | Orc:1    | Noticed an orc warlord
 22672 | Orc:1    | Noticed a stone giant
 22684 | Orc:1    | Killed an orc warlord
 22695 | Orc:1    | Killed a stone giant
 22756 | Orc:1    | Received a gift from Trog
 23043 | Orc:1    | Reached skill level 16 in Long Blades
 23056 | Orc:1    | Found a roughly hewn altar of Beogh.
 23207 | Orc:1    | Found Sycufut's Antique Weapon Emporium.
 23410 | Orc:2    | Entered Level 2 of the Orcish Mines
 23577 | Orc:2    | Found Fuis's General Store.
 23577 | Orc:2    | Noticed Azrael
 23598 | Orc:2    | Killed Azrael
 23600 | Orc:2    | Received a gift from Trog
 23698 | Orc:2    | Bought a scroll of fear for 38 gold pieces
 23698 | Orc:2    | Bought a scroll of identify for 22 gold pieces
 23871 | Orc:2    | Noticed an orc warlord
 23889 | Orc:2    | Received a gift from Trog
 23903 | Orc:2    | Killed an orc warlord
 24239 | Orc:2    | Found a roughly hewn altar of Beogh.
 24240 | Orc:2    | Found Oply Fun's Magic Scroll Emporium.
 24260 | Orc:2    | Received a gift from Trog
 24272 | Orc:2    | Bought a scroll of silence for 75 gold pieces
 24272 | Orc:2    | Bought a scroll of identify for 20 gold pieces
 24296 | Orc:2    | Found a staircase to the Elven Halls.
 24532 | Orc:2    | Found a roughly hewn altar of Beogh.
 24645 | Orc:2    | Found a roughly hewn altar of Beogh.
 24667 | Orc:2    | Found Ekiaciut's Gadget Shop.
 24699 | Orc:2    | Bought a phantom mirror for 420 gold pieces
 24883 | Orc:2    | Found a roughly hewn altar of Beogh.
 24917 | Orc:2    | Found a roughly hewn altar of Beogh.
 24987 | Orc:2    | Found Yheuzar's Antique Armour Shoppe.
 24988 | Orc:2    | Found a roughly hewn altar of Beogh.
 24991 | Orc:2    | Found Tazxiqe's Antique Weapon Emporium.
 24997 | Orc:2    | Bought a slimy hunting sling for 162 gold pieces
 25003 | Orc:2    | Bought a pair of glowing gloves for 202 gold pieces
 25003 | Orc:2    | Bought a glowing scale mail for 189 gold pieces
 25064 | Orc:2    | Identified the +1 hunting sling "Gefi" {speed, rC+} (You
                  | bought it in a shop on level 2 of the Orcish Mines)
 25264 | D:14     | Received a gift from Trog
 25337 | D:14     | Noticed an ironheart preserver
 25339 | D:14     | Found a gate to the Vaults.
 25371 | D:14     | Killed an ironheart preserver
 25408 | D:14     | Found a runed translucent gate.
 25408 | D:14     | Found a runed translucent gate.
 25408 | D:14     | Found a runed translucent gate.
 25408 | D:14     | Noticed Cofimnas's ghost (journeyman FoFi)
 25415 | D:14     | Found a roughly hewn altar of Beogh.
 25435 | D:14     | Reached skill level 1 in Evocations
 25448 | D:13     | Killed Cofimnas's ghost
 25448 | D:13     | Reached XP level 15. HP: 108/144 MP: 14/14
 26292 | D:14     | Got a smoking rapier
 26293 | D:14     | Identified the cursed +1 rapier "Ostear" {venom, rPois}
                  | (You found it on level 14 of the Dungeon)
 26474 | D:15     | Entered Level 15 of the Dungeon
 26477 | D:15     | Noticed Agnes
 26488 | D:15     | Killed Agnes
 26494 | D:15     | Reached skill level 17 in Long Blades
 27525 | D:15     | Received a gift from Trog
 27866 | D:15     | Reached skill level 5 in Dodging
 28038 | D:15     | Found a staircase to the Depths.
 28522 | Swamp:1  | Entered Level 1 of the Swamp
 28539 | Swamp:1  | Received a gift from Trog
 28745 | Swamp:1  | Noticed a thorn hunter
 28754 | Swamp:1  | Killed a thorn hunter
 28840 | Swamp:1  | Noticed Kirke
 28855 | Swamp:1  | Killed Kirke
 28855 | Swamp:1  | Reached skill level 18 in Long Blades
 29200 | Swamp:1  | Identified Roxanne's Reference Book on Earth
 29200 | Swamp:1  | Noticed Roxanne
 29211 | Swamp:1  | Received a gift from Trog
 29213 | Swamp:1  | Reached XP level 16. HP: 90/154 MP: 18/18
 30823 | Swamp:2  | Noticed a thorn hunter
 30837 | Swamp:2  | Killed a thorn hunter
 30853 | Swamp:2  | Reached skill level 5 in Evocations
 31917 | Swamp:3  | Paralysed by a hornet for 1 turns
 32442 | Swamp:4  | Entered Level 4 of the Swamp
 32447 | Swamp:4  | Found a frozen archway.
 32455 | IceCv    | Entered an ice cave
 33971 | Swamp:4  | Noticed a thorn hunter
 33974 | Swamp:4  | Reached skill level 19 in Long Blades
 33982 | Swamp:4  | Killed a thorn hunter
 34302 | Swamp:4  | Received a gift from Trog
 34305 | Swamp:4  | HP: 7/156 [eight-headed hydra[a spriggan druid] (2)]
 35273 | Swamp:4  | Reached XP level 17. HP: 163/163 MP: 20/20
 35691 | Swamp:4  | Got a decaying rune of Zot
 36133 | Elf:1    | Entered Level 1 of the Elven Halls
 37471 | Elf:1    | Received a gift from Trog
 37538 | Elf:1    | HP: 2/163 [+4 halberd of venom (23)]
 38106 | Snake:1  | Entered Level 1 of the Snake Pit
 39218 | Snake:1  | Found an ancient bone altar of Kikubaaqudgha.
 39276 | Snake:1  | Noticed Donald
 39299 | Snake:1  | Killed Donald
 39403 | Snake:1  | Reached skill level 20 in Long Blades
 39877 | Snake:2  | Received a gift from Trog
 40594 | Snake:2  | Noticed Aizul
 40608 | Snake:2  | Noticed Jorgrun
 40625 | Snake:1  | Killed from afar by Jorgrun

Levels and vault maps discovered:
D:1:      scummos_arrival_forest, layout_loops_corners, minmay_tromino_mix6
D:2:      layout_basic, dancing_weapons_uskayaw, nicolae_tso_swordbearing_angel
D:3:      layout_basic, lemuel_crystal_altar, nicolae_overflow_hidden_temple,
          minmay_misc_feat_ornament, serial_bayou_pond_b
D:4:      layout_rooms, minitemple, lemuel_doored_altar, lemuel_crystal_altar,
          chequers_ossuary_entry_cave, serial_shops, nicolae_shop_trees
D:5:      layout_basic, grunt_temple_overflow_champion_of_chaos,
          lemuel_crystal_altar, lemuel_crystal_altar, first_ration,
          minmay_misc_feat_enclosed
D:6:      layout_loops_cross, serial_park_tiny_1, kennysheep_cross_room
D:7:      layout_cave_pools, minmay_temple_entry_wispy
D:8:      layout_loops_cross, nemelex_xobeh_ov_fountains_minmay, basic_altar
D:9:      layout_small_grid, david_nohive_1, grunt_decor_mini_mirrors
D:10:     layout_roguey, hangedman_corner_corridor
D:11:     layout_irregular_city, due_lair_maze_entry_diamond, serial_shops,
          shop, hangedman_weighted_door, minmay_guarded_unrand_variability
D:12:     layout_loops_ring, david_orc_3, enter_bailey_3,
          kennysheep_just_a_vault
D:13:     layout_basic, nicolae_dithmenos_shadow_blocks
D:14:     layout_gridville, skrybe_vaults_entry_preservation,
          biasface_ghost_orc_armoury, chequers_mini_garden
D:15:     grunt_enter_depths_snipers, layout_irregular_city, uniq_agnes
Lair:1:   layout_hall_layers, infiniplex_staircase_pool
Lair:2:   layout_loops_ring
Lair:3:   layout_cave_pods, minmay_swamp_entry_wisps,
          minmay_snake_entry_guardpost_large, zaba_antful_of_joy
Lair:4:   layout_cave_shapes, lemuel_fruit_fields, uniq_rupert
Lair:5:   layout_misc_corridors, ebering_ghost_xom,
          nicolae_volcano_entry_lava_flow, lemuel_fruit_tree,
          grunt_megastairs_2, infiniplex_staircase_pool_2
Lair:6:   hangedman_lair_tendril_chambers, layout_long_grid, slime_altar_1,
          chequers_serial_rivers_micro_d, roderic_batcave, worms_lemuel,
          minmay_lair_oklob_chamber
Swamp:1:  layout_falls_marsh, evilmike_swamp_ruin_house_3, swamp_pool2,
          cheibrodos_swamp_kobolds, uniq_kirke, uniq_roxanne
Swamp:2:  layout_basic_swamp, evilmike_swamp_ruin_rubble_1
Swamp:3:  layout_basic_swamp, hangedman_swamp_lotus
Swamp:4:  swamp_basic_johnstein, layout_basic_swamp,
          portal_ice_cave_entry_pillars_three, swamp_pool2
Snake:1:  layout_rooms, basic_altar, uniq_donald
Snake:2:  layout_chambers, special_room, uniq_jorgrun, uniq_aizul
Orc:1:    nicolae_orc_accident_2, layout_caves, serial_shops,
          nicolae_shop_overgrown_old_shop
Orc:2:    grunt_orc_community_town_hall, layout_diamond_mine,
          grunt_orc_community_big_house_1, grunt_orc_community_big_house_1,
          grunt_orc_community_house_2, grunt_orc_community_house_3,
          grunt_orc_community_house_3, grunt_orc_community_house_2,
          serial_shops, shop, uniq_azrael
Elf:1:    layout_loops_ring, minivault_28, solitary_fountain, drop_trap

Skill      XL: |  1  2  3  4  5  6  7  8  9 10 11 12 13 14 15 16 17 |
---------------+----------------------------------------------------+-----
Long Blades    | 4 5 6 7 8 10 12 13 14 16 18 19 20 | 20.1
Fighting       | 4 5 6 7 9 10 11 13 15 16 17 18 | 18.1
Armour         | 3 4 5 6 7 8 9 11 13 14 16 17 18 | 18.0
Slings         | 3 5 6 9 11 12 | 12.0
Evocations     | 1 4 6 7 |  7.3
Dodging        | 5 8 9 |  9.3

Action                   |  1- 3 |  4- 6 |  7- 9 | 10-12 | 13-15 | 16-18 || total
-------------------------+-------+-------+-------+-------+-------+-------++-------
Melee: Falchion          |    64 |   140 |   185 |   107 |       |       ||   496
       Headbutt          |     7 |    28 |    51 |    81 |   326 |   160 ||   653
       Great sword       |       |       |       |    77 |     5 |       ||    82
       Long sword        |       |       |       |   119 |   898 |   105 ||  1122
       Scimitar          |       |       |       |       |     4 |    49 ||    53
       Triple sword      |       |       |       |       |       |   299 ||   299
 Fire: Hunting sling     |       |       |   160 |   263 |   496 |   409 ||  1328
Throw: Stone             |       |       |       |       |    29 |    25 ||    54
Invok: Trog's Hand       |       |     4 |     2 |     5 |    11 |     5 ||    27
       Berserk           |       |     3 |       |     7 |     7 |     8 ||    25
       Brothers in Arms  |       |       |       |     3 |     9 |    10 ||    22
  Use: Scroll            |       |       |    11 |    18 |     9 |    13 ||    51
       Potion            |       |       |     2 |     2 |     1 |     8 ||    13
 Stab: Sleeping          |     2 |       |       |       |       |       ||     2
       Confused          |       |       |       |       |     1 |       ||     1
       Distracted        |       |       |       |       |       |     1 ||     1
  Eat: Chunk             |     1 |     2 |     9 |    21 |    54 |    15 ||   102
       Ration            |       |     2 |     2 |     4 |     1 |    10 ||    19
Armor: Animal skin       |    10 |       |       |       |       |       ||    10
       Scale mail        |       |    67 |    35 |       |       |       ||   102
       Plate armour      |       |       |    25 |   249 |   629 |   251 ||  1154
       Fire dragon scale |       |       |       |     2 |       |       ||     2
       Swamp dragon scal |       |       |       |       |       |    79 ||    79
       Pearl dragon scal |       |       |       |       |       |    39 ||    39
Dodge: Dodged            |    54 |    71 |    63 |   201 |   488 |   420 ||  1297
Block: Other             |       |       |     7 |    28 |   113 |    79 ||   227
       Reflection        |       |       |     2 |       |     3 |     5 ||    10
       Rpst.: Falchion   |    18 |    13 |    17 |    14 |       |       ||    62
       Great sword       |       |       |       |    13 |       |       ||    13
       Long sword        |       |       |       |    20 |    99 |    13 ||   132
       Scimitar          |       |       |       |       |     1 |     9 ||    10
       Triple sword      |       |       |       |       |       |    55 ||    55
